 Dungeon Crawl Stone Soup version 0.28-a0-224-g76b539d98b (webtiles) character file.

Game seed: 7764308885543556128

9786 Conn the Arsonist (level 11, -18/67 HPs)
             Began as an Octopode Fire Elementalist on Aug 20, 2021.
             Was a Believer of Sif Muna.
             Demolished by an ogre (22 damage)
             ... on level 10 of the Dungeon on Aug 21, 2021.
             The game lasted 00:56:21 (16576 turns).

Conn the Arsonist (Octopode Fire Elementalist)     Turns: 16576, Time: 00:56:21

Health: -18/67     AC:  3    Str:  7    XL:     11   Next: 51%
Magic:  26/30      EV: 14    Int: 22    God:    Sif Muna [**....]
Gold:   726        SH:  8    Dex: 12    Spells: 3/23 levels left

rFire   + . .      SeeInvis .   b - +2 mace (protect)
rCold   + . .      Faith    .   d - +3 buckler
rNeg    . . .      Spirit   .   (helmet restricted)
rPois   +          Reflect  .   L - amulet of magic regeneration
rElec   .          Harm     .   t - ring of protection from cold
rCorr   .          Rampage  .   k - ring of poison resistance
Will    .....                   F - ring of magical power
Stlth   ++++......              (no ring)
HPRegen 0.21/turn               (no ring)
MPRegen 0.47/turn               (no ring)
                                (no ring)
                                (no ring)

@: very slightly contaminated
A: almost no armour, amphibious, 8 rings, camouflage 1, gelatinous body 1,
(nimble swimmer 1), tentacles, iridescent scales 1, fire resistance 1
a: Renounce Religion, Channel Magic


You were on level 10 of the Dungeon.
You worshipped Sif Muna.
Sif Muna was pleased with you.
You visited 2 branches of the dungeon, and saw 12 of its levels.

You collected 726 gold pieces.

Inventory:

Hand Weapons
 b - a +2 mace of protection (weapon)
 c - a +0 hand axe of flaming
 r - a +2 dagger of venom
Missiles
 q - a throwing net
Armour
 d - a +3 buckler (worn)
Magical Staves
 C - a staff of earth
 D - a staff of cold
Jewellery
 k - a ring of poison resistance (right tentacle)
 t - a ring of protection from cold (left tentacle)
 F - a ring of magical power (on tentacle)
 L - an amulet of magic regeneration (around mantle)
Wands
 m - a wand of iceblast (7)
 w - a wand of flame (23)
 A - a wand of paralysis (9)
 H - a wand of polymorph (12)
 J - a wand of acid (4)
Scrolls
 a - 2 scrolls of brand weapon
 e - a scroll of vulnerability
 f - 2 scrolls of torment
 g - 3 scrolls of enchant armour
 i - 3 scrolls of teleportation
 j - a scroll of fog
 o - a scroll of holy word
 u - 2 scrolls of immolation {unknown}
 y - 5 scrolls of identify
 E - 2 scrolls of magic mapping
Potions
 l - a potion of invisibility {unknown}
 p - a potion of flight
 v - a potion of heal wounds {unknown}
 x - 4 potions of haste
 z - a potion of attraction {unknown}
 B - 4 potions of curing
 G - a potion of magic
 K - a potion of brilliance {unknown}
Miscellaneous
 I - a phantom mirror (inert)


   Skills:
 + Level 3.3 Fighting
 + Level 0.2(3.7) Axes
 + Level 6.1 Maces & Flails
 + Level 4.6 Dodging
 + Level 5.8 Stealth
 - Level 5.0 Shields
 + Level 6.9 Spellcasting
 * Level 8.1 Conjurations
 + Level 1.4 Hexes
 + Level 0.1 Translocations
 * Level 9.8 Fire Magic


You had 3 spell levels left.
You knew the following spells:

 Your Spells              Type           Power      Damage    Failure   Level
a - Foxfire               Conj/Fire      100%       2x1d9     1%          1
b - Conjure Flame         Conj/Fire      47%        6-21      1%          3
c - Inner Flame           Hex/Fire       32%        N/A       2%          3
d - Sticky Flame          Conj/Fire      47%        2d6       1%          4
e - Fireball              Conj/Fire      23%        3d11      6%          5
f - Iskenderun's Mystic   Conj/Tloc      25%        2d7       16%         4

Your spell library contained the following spells:

 Spells                   Type           Power      Damage    Failure   Level
 Dazzling Flash           Conj/Hex       56%        N/A       3%          3
 Sting                    Tmut/Pois      28%        1d4       9%          1
 Poisonous Vapours        Pois/Air       14%        N/A       13%         2
 Starburst                Conj/Fire      23%        6d8       32%         6
 Olgreb's Toxic Radiance  Pois           7%         N/A       63%         4
 Blade Hands              Tmut           3%         N/A       93%         5
 Iron Shot                Conj/Erth      12%        9d3       94%         6
 Animate Armour           Summ/Erth      Unusable   N/A       N/A         4

Dungeon Overview and Level Annotations

Branches:
Dungeon (11/15)            Temple (0/1) D:7             Orc (1/2) D:10
   Lair: D:8-11

Altars:
Ashenzari
Cheibriados
Elyvilon
Fedhas
Gozag
Hepliaklqana
Qazlal
Ru
Sif Muna
Trog
Vehumet
Wu Jian
Xom
Yredelemnul
Zin
The Shining One

Annotations:
D:3 Sigmund
D:11 Harold


Innate Abilities, Weirdness & Mutations

You cannot wear most types of armour.
You are amphibious.
You can wear up to eight rings at the same time.
Your skin changes colour to match your surroundings (Stealth+).
Your rubbery body absorbs attacks. (AC +1, EV +1)
((You are camouflaged near water. (Stealth+)))
You have tentacles for arms and can constrict up to eight enemies at once.
You are partially covered in iridescent scales. (AC +2)
Your flesh is heat resistant. (rF+)


Message History

The orc closely misses you. You block the warg's attack. The warg bites you!
* * * LOW HITPOINT WARNING * * *
You climb upwards.
Welcome back to the Dungeon!
Reactivating autopickup.
There is a staircase to the Orcish Mines here.
Unknown command.
Unknown command.
Okay, then.
Okay, then.
Saving game... please wait.
Welcome back, Conn the Octopode Fire Elementalist.
Sif Muna whispers: I know many secrets...
Press ? for a list of commands and other information.
Okay, then.
Okay, then.
Cast which spell? (? or * to list)
Okay, then.
Press: ? - help, v - describe, . - travel
Here: a warg The floor.
Cast which spell? (? or * to list)
Okay, then.
Okay, then.
Okay, then.
Okay, then.
Cast which spell? (? or * to list)
Okay, then.
Unknown command.
Unknown command.
Unknown command.
Cast which spell? (? or * to list)
You miscast Iskenderun's Mystic Blast.
You are very lightly contaminated with residual magic.
You are caught in a violent explosion!
* * * LOW HITPOINT WARNING * * *
The warg barely misses you. You block the orc warrior's attack.
The warg bites you.
* * * LOW HITPOINT WARNING * * *
The ogre hits you with a +0 giant club!!
You die...

#.....................#.....
#...........#####.....'.....
#.................#####.....
#.......[.....)...#..##.....
#[...####)....#####.........
#....#.....8[....##.........
#....#.....).....######.....
#..........hh.....#####.....
#.....8...O@o...8...........
#.........oo................
#....#...........######.####
#....#.....8.....#...##.#...
#....####.....####...#..#.##
#.#...#...#...#......#..#.##
#.....#...##..#...#..#..#...
#.....#...##..#......#.<#...
#.....#...T...#......#..#...


You could see 2 wargs, an orc warrior, an ogre and 2 orcs.

Vanquished Creatures
  A two-headed ogre (D:10)
  A manticore (D:11)
  A gargoyle (D:10)
  Maggie (D:7)
  3 hornets
  Prince Ribbit (D:8)
  Grinder (D:3)
  5 wraiths
  A shadow (D:9)
  A vampire (D:7)
  Eustachio (D:6)
  2 steam dragons
  Menkaure (D:7)
  14 yaks (D:9)
  Duvessa (D:7)
  A hornet zombie (D:8)
  A sky beast (D:7)
  3 orc warriors
  A black bear (D:5)
  A necrophage (D:5)
  An ice beast (D:4)
  2 ogres
  3 centaurs
  2 bullfrogs
  2 scorpions
  Dowan (D:7)
  13 wights
  A howler monkey (D:9)
  3 centaur zombies
  4 crimson imps (D:5)
  A centaur skeleton (D:6)
  A hound (D:4)
  A jelly (D:6)
  An orc priest (D:7)
  2 gnoll shamans (D:5)
  5 iguanas
  Jessica (D:3)
  5 orc wizards
  2 killer bee zombies
  A hound zombie (D:5)
  A howler monkey zombie (D:8)
  Robin (D:4)
  6 gnolls
  5 adders
  A howler monkey skeleton (D:6)
  2 white imps
  An ufetubus (D:4)
  2 adder skeletons (D:4)
  A worm (D:4)
  2 dart slugs
  29 orcs
  4 bats
  4 endoplasms
  A giant cockroach (D:4)
  23 goblins
  11 hobgoblins
  7 jackals (D:1)
  11 kobolds
  3 quokkas
  10 ball pythons
  4 frilled lizards
  5 rats
228 creatures vanquished.

Vanquished Creatures (collateral kills)
  An ugly thing (D:10)
  A foxfire (D:4)
2 creatures vanquished.

Vanquished Creatures (others)
  An orc wizard (D:7)
  3 orcs
  820 foxfires
  A fungus (D:3)
  7 plants
832 creatures vanquished.

Grand Total: 1062 creatures vanquished

Notes
Turn   | Place    | Note
-------+----------+-------------------------------------------
     0 | D:1      | Conn the Octopode Fire Elementalist began the quest for the
                  | Orb.
     0 | D:1      | Reached XP level 1. HP: 11/11 MP: 3/3
   794 | D:3      | Found a blossoming altar of Fedhas.
   816 | D:3      | Reached XP level 2. HP: 17/17 MP: 5/5
  1098 | D:3      | Reached XP level 3. HP: 21/21 MP: 3/6
  1444 | D:3      | Found a faded altar of an unknown god.
  1547 | D:3      | Reached skill level 1 in Shields
  1615 | D:3      | Noticed Grinder
  1633 | D:3      | Paralysed by Grinder for 7 turns
  1657 | D:3      | Killed Grinder
  1658 | D:3      | Reached skill level 4 in Fire Magic
  1658 | D:3      | Reached XP level 4. HP: 20/27 MP: 3/8
  1658 | D:3      | Reached XP level 5. HP: 23/31 MP: 3/9
  1658 | D:3      | Reached XP level 6. HP: 27/36 MP: 3/10
  1662 | D:3      | Learned a level 3 spell: Conjure Flame
  1666 | D:3      | Learned a level 3 spell: Inner Flame
  1671 | D:3      | Learned a level 4 spell: Sticky Flame
  1741 | D:3      | Noticed Sigmund
  1903 | D:3      | Found a white marble altar of Elyvilon.
  1904 | D:3      | Found a glowing golden altar of the Shining One.
  1906 | D:3      | Found a glowing silver altar of Zin.
  2061 | D:3      | Found a stormy altar of Qazlal.
  2101 | D:3      | Noticed Jessica
  2112 | D:3      | Killed Jessica
  3957 | D:4      | Reached skill level 1 in Maces & Flails
  3981 | D:4      | Reached XP level 7. HP: 42/42 MP: 4/11
  4152 | D:4      | Found an opulent altar of Gozag.
  4244 | D:4      | Noticed Robin
  4253 | D:4      | Killed Robin
  4267 | D:5      | Entered Level 5 of the Dungeon
  4822 | D:4      | Reached skill level 1 in Fighting
  5515 | D:5      | Found a shimmering altar of Xom.
  5630 | D:5      | Reached XP level 8. HP: 44/48 MP: 14/14
  6436 | D:5      | Found a basalt altar of Yredelemnul.
  6436 | D:5      | Found a snail-covered altar of Cheibriados.
  6436 | D:5      | Found a broken altar of Ashenzari.
  6490 | D:5      | Found a sacrificial altar of Ru.
  6497 | D:5      | Found a shimmering blue altar of Sif Muna.
  6505 | D:5      | Became a worshipper of Sif Muna the Loreminder
  6749 | D:5      | Gained mutation: You are partially covered in iridescent
                  | scales. (AC +2) [potion of mutation]
  6749 | D:5      | Gained mutation: Your flesh is heat resistant. (rF+)
                  | [potion of mutation]
  7208 | D:6      | Reached skill level 5 in Fire Magic
  7229 | D:6      | Noticed Eustachio
  7251 | D:6      | Killed Eustachio
  7978 | D:5      | Reached XP level 9. HP: 39/54 MP: 12/16
  8066 | D:6      | Reached skill level 5 in Stealth
  8066 | D:6      | Reached skill level 5 in Shields
  8124 | D:6      | Reached skill level 5 in Spellcasting
  8774 | D:6      | Reached * piety under Sif Muna
  9077 | D:7      | Noticed Duvessa
  9078 | D:7      | Noticed Dowan
  9095 | D:7      | Killed Duvessa
  9104 | D:7      | Killed Dowan
  9277 | D:7      | Found a bloodstained altar of Trog.
  9459 | D:7      | Noticed Maggie
  9654 | D:6      | Learned a level 5 spell: Fireball
  9839 | D:7      | Killed Maggie
  9840 | D:7      | Reached skill level 6 in Fire Magic
 10012 | D:7      | Reached skill level 5 in Conjurations
 10334 | D:7      | Noticed Menkaure
 10338 | D:7      | Killed Menkaure
 10537 | D:7      | Found a staircase to the Ecumenical Temple.
 10690 | D:7      | Reached skill level 7 in Fire Magic
 10852 | D:7      | Reached XP level 10. HP: 52/60 MP: 10/18
 11449 | D:8      | Reached skill level 5 in Maces & Flails
 11902 | D:8      | Noticed Prince Ribbit
 11913 | D:8      | Killed Prince Ribbit
 12560 | D:9      | Reached skill level 8 in Fire Magic
 12739 | D:9      | Found a hazy altar of Hepliaklqana.
 12857 | D:9      | Found a radiant altar of Vehumet.
 13032 | D:9      | Reached skill level 1 in Hexes
 13251 | D:9      | Reached ** piety under Sif Muna
 13255 | D:9      | Reached XP level 11. HP: 50/67 MP: 20/20
 13510 | D:9      | Reached skill level 9 in Fire Magic
 13820 | D:9      | Paralysed by a hornet for 1 turns
 14080 | D:10     | Entered Level 10 of the Dungeon
 14123 | D:10     | Found a staircase to the Orcish Mines.
 14216 | D:10     | Noticed a two-headed ogre
 14226 | D:10     | Killed a two-headed ogre
 14425 | D:10     | Learned a level 4 spell: Iskenderun's Mystic Blast
 14884 | D:10     | Found an ornate altar of the Wu Jian Council.
 14988 | D:10     | Paralysed by a hornet for 3 turns
 15322 | D:10     | Noticed a red ugly thing
 15393 | D:11     | Noticed a manticore
 15402 | D:11     | Killed a manticore
 15612 | D:11     | Noticed a skeletal warrior
 15612 | D:11     | Noticed a skeletal warrior
 15612 | D:11     | Noticed a skeletal warrior
 15814 | D:11     | Noticed Harold
 15971 | D:10     | Killed a red ugly thing
 16202 | Orc:1    | Entered Level 1 of the Orcish Mines
 16202 | Orc:1    | Noticed an orc knight
 16576 | D:10     | Upgraded the game from 0.28-a0-203-gf40de95187 to
                  | 0.28-a0-224-g76b539d98b
 16576 | D:10     | Demolished by an ogre

Illustrated notes

Levels and vault maps discovered:
D:1:      dpeg_arrival_snail, layout_rooms, minmay_tetromino_s2
D:2:      layout_loops_ring
D:3:      cheibrodos_greedy_goblins, layout_basic, good_gods_temple_1,
          mainiacjoe_overflow_alcove_2, fedhas_altar_3,
          hellmonk_ecumenical_altar_lost_god, uniq_jessica, uniq_sigmund,
          uniq_grinder
D:4:      cheibrodos_old_hovel, layout_basic, general_overflow_altar, uniq_robin
D:5:      layout_loops_corners, grunt_temple_overflow_open, led_xom_imps
D:6:      layout_gridville, uniq_eustachio
D:7:      layout_cave_pods, lemuel_coloured_pillars_altar,
          minmay_temple_entry_nine_rooms, minmay_misc_feat_doors, uniq_maggie,
          uniq_menkaure, uniq_duvessa
D:8:      layout_cave_pods, uniq_prince_ribbit1
D:9:      layout_basic, amcnicky_altar_gilded, vehumet_crystals
D:10:     layout_stronghold, nzn_wu_jian_council_hall, david_orc_2
D:11:     layout_loops_ring, dpeg_oklobed_lair, uniq_harold
Orc:1:    layout_caves, hangedman_minor_magic

Skill      XL: |  1  2  3  4  5  6  7  8  9 10 11 |
---------------+----------------------------------+-----
Stealth        | 3 4 5 |  5.8
Shields        | 2 3 4 5 |  5.0
Spellcasting   | 3 4 5 6 |  6.9
Conjurations   | 2 3 4 5 7 8 |  8.1
Fire Magic     | 4 5 7 8 9 |  9.8
Maces & Flails | 1 2 3 4 5 6 |  6.1
Fighting       | 1 2 3 |  3.3
Dodging        | 3 4 |  4.6
Hexes          | 1 |  1.4
Axes           | |  0.2
Translocations | |  0.1

Action                   |  1- 3 |  4- 6 |  7- 9 | 10-12 || total
-------------------------+-------+-------+-------+-------++-------
Melee: Hand axe          |    12 |       |       |       ||    12
       Constrict         |     8 |     8 |    38 |    10 ||    64
       Tentacles         |     5 |     3 |    23 |    15 ||    46
       Mace              |    20 |    34 |   178 |    90 ||   322
 Cast: Foxfire           |    44 |    78 |   214 |   149 ||   485
       Conjure Flame     |       |     3 |     7 |     6 ||    16
       Sticky Flame      |       |       |     9 |    14 ||    23
       Inner Flame       |       |       |     4 |    12 ||    16
       Fireball          |       |       |       |     8 ||     8
       Iskenderun's Myst |       |       |       |     6 ||     6
Evoke: Phantom mirror    |       |       |       |     1 ||     1
  Use: Potion            |     2 |     1 |     5 |     1 ||     9
       Scroll            |     1 |     1 |     8 |     9 ||    19
 Stab: Sleeping          |     3 |     5 |     6 |     2 ||    16
Armor: Skin              |    17 |    16 |    85 |    28 ||   146
Dodge: Dodged            |     9 |    26 |   166 |    79 ||   280
Block: Buckler           |     7 |     9 |    76 |    49 ||   141

Table legend: (Time is in decaauts)
 A = Elapsed time spent in this place.
 B = Non-inter-level travel time spent in this place.
 C = Inter-level travel time spent in this place.
 D = Time resting spent in this place.
 E = Time spent auto-exploring this place.
 F = Levels seen in this place.
 G = Mean time per level.
                   A        B        C        D        E       F      G
               +--------+--------+--------+--------+--------+-----+--------+
         Total |  16650 |  16427 |    223 |   3692 |   8593 |  12 | 1387.5 |
       Dungeon |  16643 |  16420 |    223 |   3692 |   8593 |  11 | 1513.0 |
  Orcish Mines |      7 |      7 |      0 |      0 |      0 |   1 |    7.0 |
               +--------+--------+--------+--------+--------+-----+--------+

Top non-repeatable levels by time:
     D:7: 2066 daAuts
     D:5: 1951 daAuts
     D:3: 1847 daAuts
     D:9: 1796 daAuts
    D:10: 1779 daAuts
     D:6: 1724 daAuts
     D:4: 1578 daAuts
     D:2: 1381 daAuts
     D:8: 1303 daAuts
     D:1: 733 daAuts
    D:11: 480 daAuts
   Orc:1: 7 daAuts
